woodfighter, chaotic female orcish Cavewoman ------ |....| ---- ---- ..--|....---.*| --..| --..|--........---...----- --- |<..| |..................| |.| --.-- |.....------.....|.----.-- |.| |.....-- |......|...|...-- |.| ---....|----.....---......| |.------...--..|........|......| |...%......@..).....)...|--.---- |...-----%h....)...)...-- --- ----- |....).........-- |-..............| ---...............| |...|.....--.....-- |...|............| |.----..........-- --- |..*.......| ---..--..--- -------- woodfighter the Cave Teen Experience level: 4 Strength: 18 Dexterity: 13 Constitution: 17 Intelligence: 8 Wisdom: 9 Charisma: 11 Health: 0(30) Energy: 15(15) Def: 2 Gold: 128 Moves: 1049 Dungeon seed: aFxTBcTmlv4Snxl2 Game ID: woodfighter_1476959460 Your Inventory: Coins $ - 128 gold pieces Weapons a - a +1 club (weapon in hand) b - a blessed +2 sling (alternate weapon; not wielded) Armor q - an uncursed +0 leather armor (being worn) r - an uncursed +0 dwarvish cloak y - a cursed -1 pair of iron shoes z - an uncursed +0 dwarvish cloak N - an uncursed +0 pair of iron shoes Comestibles c - 2 uncursed mangos d - an uncursed tripe ration l - an uncursed fortune cookie u - an uncursed tin of gnome meat w - 2 uncursed tins of lichen Scrolls f - an uncursed scroll of enchant weapon g - 2 uncursed scrolls of scare monster j - an uncursed scroll of identify m - a cursed scroll of light o - a blessed scroll of teleportation s - a cursed scroll of identify x - an uncursed scroll of create monster Spellbooks k - an uncursed spellbook of detect unseen Potions v - an uncursed potion of extra healing Rings A - a blessed +4 ring of gain strength Wands h - a wand of polymorph (0:6) i - a wand of digging (0:8) p - a wand of polymorph (0:8) Tools n - a magic harp (0:7) t - a +0 pick-axe Gems e - 9 uncursed flints (in quiver) Spells and supernatural/magical abilities: Name Level Category Fail Memory W - pray for help -- divine ? -- Your skills at the end: Miscellaneous Skills bare handed combat [Basic] Weapon Skills scimitar [Basic] club [Basic] sling [Basic] Spellcasting Skills Final Attributes: You were piously aligned. You were poison resistant. You had infravision. You were stealthy. You are dead. Vanquished creatures: a gnome lord a kitten 2 dwarves 8 gnomes 2 jackals a kobold 5 newts 2 grid bugs a kobold zombie 23 creatures vanquished. Voluntary challenges: You did not adorn yourself with jewelry or accessories. You did not cause conflict. You were not invisible. You did not have reflection. You were not displaced. You were an atheist. You used a wielded weapon 30 times, starting on turn 101. You did not use tools. You did not use plumbed fixtures. You did not drink any magical draughts. You were illiterate. You never genocided any monsters. You never polymorphed an object. You never changed form. You used no wishes. You never split a pudding. You never wrote Elbereth's name. You never violated your personal moral code. Dungeon overview: The Dungeons of Doom: levels 1 to 3 Level 1 (l) a fountain, a sink a long staircase Level 2 stairs to The Gnomish Mines Level 3 The Gnomish Mines: Level 3 <- You were here stairs to The Dungeons of Doom History has recorded: On T:1 you entered the Dungeons of Doom to retrieve the Amulet of Yendor! On T:267 you reached level 2 of The Dungeons of Doom. On T:384 you reached level 3 of The Dungeons of Doom. On T:538 you reached level 1 of The Gnomish Mines. On T:726 you advanced to experience level 2. On T:734 you advanced to experience level 3. On T:879 you advanced to experience level 4. Score breakdown: Gold: 128 ( 12 points) Experience: 4 levels ( 300 points) Exploration: 3 levels ( 60 points) Discoveries: 15 items ( 750 points) Variety of kills: 9 monsters ( 450 points) Major goal: (nothing yet) ( 0 points) Survival: died (score multiplied by 3) Total score: 4716 Latest messages: There are a few objects here. This gnome corpse tastes terrible! You finish eating the gnome corpse. You stop exploring. A trap door in the ceiling opens and a rock falls on your head! You stop exploring. You kill the gnome! A - an ivory ring. You see here a gnome lord corpse. The newt bites! You kill the newt! There are a few objects here. You stop exploring. You hit the kitten! The kitten bites! You kill the kitten! You stop exploring. (2x) You see here a crossbow. The dwarf king wields a dagger! You hit the dwarf king! The dwarf king thrusts his dagger at the cavewoman. The dwarf king stabs you! The dwarf king thrusts his dagger at the cavewoman. The dwarf king stabs you! You die... Final status: Goodbye woodfighter the Cavewoman, killed by a dwarf king... You died in The Gnomish Mines on dungeon level 3 with 4716 points, and 128 pieces of gold, after 1049 moves. You were level 4 with a maximum of 30 hit points when you died.